 Dungeon Crawl Stone Soup version 0.20-a0-379-gc0b65bf (webtiles) character file.

349 junb69 the Grave Robber (level 6, -3/49 HPs)
             Began as a Deep Dwarf Necromancer on Dec 28, 2016.
             Slain by a water moccasin (7 damage)
             ... on level 4 of the Dungeon.
             The game lasted 00:15:46 (7151 turns).

junb69 the Grave Robber (Deep Dwarf Necromancer)    Turns: 7151, Time: 00:15:47

Health: -3/49      AC:  2    Str: 11    XL:     6   Next: 33%
Magic:  3/12       EV: 12    Int: 18    God:
Gold:   183        SH:  0    Dex: 13    Spells: 1/13 levels left

rFire  . . .     SeeInvis .     f - +0 hand axe
rCold  . . .     Gourm    .     a - +0 robe
rNeg   . . .     Faith    .     (no shield)
rPois  .         Spirit   .     (no helmet)
rElec  .         Reflect  .     (no cloak)
rCorr  .         Harm     .     (no gloves)
MR     .....                    (no boots)
Stlth  ++........               (no amulet)
                                (no ring)
                                (no ring)

@: lethally poisoned (-3 -> -3), non-regenerating
A: damage resistance, recharge devices, sense surroundings 1, slow regeneration
3
a: Heal Wounds


You were on level 4 of the Dungeon.
You were not hungry.

You visited 1 branch of the dungeon, and saw 5 of its levels.

You collected 183 gold pieces.

Inventory:

Hand Weapons
 f - a +0 hand axe (weapon)
Armour
 a - a +0 robe (worn)
 q - a +2 leather armour of poison resistance
Jewellery
 r - a cursed ring of teleportation {unknown}
Scrolls
 h - 2 scrolls of blinking {unknown}
 i - a scroll of teleportation
 l - a scroll of random uselessness {unknown}
 n - 2 scrolls of enchant armour {unknown}
 p - a scroll of fog {unknown}
Potions
 d - 2 potions of agility
 e - 2 potions of brilliance {unknown}
 g - a potion of might {unknown}
 j - a potion of mutation {unknown}
 m - a potion of flight {unknown}
 s - a potion of degeneration {unknown}
Books
 b - a book of Necromancy

   Spells                             Type                      Level
   a - Pain                           Necromancy                   1
   b - Animate Skeleton               Necromancy                   1
   c - Vampiric Draining              Necromancy                   3
   d - Regeneration                   Charms/Necromancy            3
   e - Animate Dead                   Necromancy                   4
   f - Control Undead                 Necromancy                   4
Comestibles
 c - 3 bread rations
 k - a meat ration
 o - 2 fruits
 t - a slice of pizza
 u - 2 chunks of flesh


   Skills:
 - Level 2.1 Dodging
 - Level 2.4 Stealth
 * Level 4.1 Spellcasting
 * Level 6.8 Necromancy


You had one spell level left.
You knew the following spells:

 Your Spells              Type           Power        Failure   Level  Hunger
a - Pain                  Necr           ####         1%          1    None
b - Vampiric Draining     Necr           ####......   2%          3    ###....
c - Animate Dead          Necr           N/A          12%         4    ####...
d - Control Undead        Necr           ####......   12%         4    ####...


Dungeon Overview and Level Annotations

Branches:
Dungeon (5/15)
 Temple: D:4-7

Altars:
Qazlal

Annotations:
D:5 Pikel


Innate Abilities, Weirdness & Mutations

You are resistant to damage.
You can recharge devices by infusing magical energy.
You passively map a small area around you.
You do not regenerate.


Message History

Casting: Vampiric Draining
Confirm with . or Enter, or press ? or * to list all spells.
Aiming: Vampiric Draining
Press: ? - help, Shift-Dir - straight line, f/p - water moccasin
Aim: a water moccasin (moderately wounded)
The water moccasin is heavily wounded.
You feel life coursing into your body. The jackal closely misses you.
The water moccasin closely misses you. The water moccasin bites you!
* * * LOW HITPOINT WARNING * * *
Casting: Vampiric Draining
Confirm with . or Enter, or press ? or * to list all spells.
Aiming: Vampiric Draining
Press: ? - help, Shift-Dir - straight line, f/p - water moccasin
Aim: a water moccasin (heavily wounded)
The water moccasin is severely wounded.
You feel life coursing into your body. The water moccasin bites you!
* * * LOW HITPOINT WARNING * * *
The jackal barely misses you. The water moccasin closely misses you.
The jackal misses you. The water moccasin bites you!
You die...

#.(...#...........⌠..........#
#.....#.....##)##............#
#.....#..####.).#'##..#'##...#
#.....#..# +.).#..#P.#(.#P..#
#.....#..# #...#..#..#.(#P..#
#######..###########P.####...#
#......................##
#########......SS................
...............h@############....
...........####### #....
...........# #.... #..........#
#.... #..........# #....
#.....)....# #.... #..(.......#
#.... #..........# #....
#..........# #....


You could see 2 water moccasins and a jackal.

Vanquished Creatures
  A bullfrog (D:4)
  An orc wizard (D:3)
  A centaur skeleton (D:4)
  An iguana (D:4)
  3 gnolls (D:2)
  7 adders
  An ooze (D:2)
  3 dart slugs
  4 leopard geckos
  8 orcs
  A ball python (D:1)
  9 giant cockroaches
  10 goblins
  14 hobgoblins
  8 jackals
  3 quokkas (D:3)
  10 bats
  3 frilled lizards
  8 kobolds
  8 rats
104 creatures vanquished.

Vanquished Creatures (collateral kills)
  An orc (D:4)
  2 jackals (D:4)
3 creatures vanquished.

Grand Total: 107 creatures vanquished

Notes
Turn   | Place    | Note
-------+----------+-------------------------------------------
     0 | D:1      | junb69 the Deep Dwarf Necromancer began the quest for the Orb.
     0 | D:1      | Reached XP level 1. HP: 15/15 MP: 3/3
   356 | D:1      | Reached XP level 2. HP: 13/22 MP: 3/5
  1171 | D:1      | Reached skill level 5 in Necromancy
  1325 | D:1      | Reached XP level 3. HP: 10/28 MP: 3/6
  1330 | D:1      | Learned a level 3 spell: Vampiric Draining
  2358 | D:2      | Found a faded altar of an unknown god.
  2468 | D:2      | Reached XP level 4. HP: 23/36 MP: 1/8
  4123 | D:3      | Reached XP level 5. HP: 40/42 MP: 0/9
  4365 | D:3      | Found a stormy altar of Qazlal.
  4382 | D:3      | Learned a level 4 spell: Animate Dead
  4684 | D:3      | Reached skill level 6 in Necromancy
  5506 | D:3      | Noticed an air elemental
  5506 | D:3      | Noticed a water elemental
  5506 | D:3      | Noticed a fire elemental
  6105 | D:4      | Reached XP level 6. HP: 46/49 MP: 0/11
  6111 | D:4      | Learned a level 4 spell: Control Undead
  7145 | D:5      | Entered Level 5 of the Dungeon
  7145 | D:5      | Noticed Pikel
  7145 | D:5      | Noticed a slave
  7145 | D:5      | Noticed a slave
  7145 | D:5      | Noticed a slave
  7145 | D:5      | Noticed a slave
  7145 | D:5      | Noticed a water moccasin
  7145 | D:5      | Noticed a water moccasin
  7151 | D:4      | Slain by a water moccasin

Vault maps used:
D:1:      saegor_arrival_simple_c
D:2:      chequers_ecumenical_altar_island
D:3:      nicolae_qazlal_style_of_elements, first_bread
D:4:      corexii_shack_village, glass_columns_c, minmay_misc_feat_ornament
D:5:      uniq_pikel, uniq_duvessa

Skill      XL: |  1  2  3  4  5  6 |
---------------+-------------------+-----
Spellcasting   | 2 3 4 |  4.1
Necromancy     | 5 6 |  6.8
Dodging        | |  2.1
Stealth        | |  2.4

Action                   |  1- 3 |  4- 6 || total
-------------------------+-------+-------++-------
Melee: Unarmed           |     4 |       ||     4
       Rapier            |    17 |     2 ||    19
       Hand axe          |       |    34 ||    34
 Cast: Pain              |    53 |    87 ||   140
       Vampiric Draining |     9 |    38 ||    47
       Animate Dead      |       |     4 ||     4
       Control Undead    |       |     5 ||     5
  Use: Scroll            |     3 |     2 ||     5
 Stab: Distracted        |       |     1 ||     1
  Eat: Chunk             |     5 |    14 ||    19
       Fruit             |     2 |     1 ||     3
       Bread ration      |       |     1 ||     1
Armor: Robe              |    17 |    14 ||    31
Dodge: Dodged            |    61 |    68 ||   129
